 Dungeon Crawl Stone Soup version 0.20-a0-1122-gb7cbeb9 (webtiles) character file.

4223 wolfsongas the Cleaver (level 10, -8/70 HPs)
             Began as a Demonspawn Fighter on May 15, 2017.
             Was a Priest of Trog.
             Mangled by a death yak (12 damage)
             ... on level 7 of the Dungeon.
             The game lasted 00:16:36 (6459 turns).

wolfsongas the Cleaver (Demonspawn Fighter)         Turns: 6459, Time: 00:16:37

Health: -8/70      AC: 19    Str: 18    XL:     10   Next: 9%
Magic:  10/10      EV:  3    Int: 10    God:    Trog [***...]
Gold:   423        SH: 12    Dex: 14    Spells: 9/9 levels left

rFire    . . .     SeeInvis .   g - +3 broad axe
rCold    + . .     Gourm    .   i - +2 shield
rNeg     . . .     Faith    .   t - +0 plate armour
rPois    .         Spirit   .   (helmet restricted)
rElec    .         Reflect  .   (no cloak)
rCorr    .         Harm     .   n - +2 pair of gloves
MR       .....                  q - +0 pair of boots
Stlth    ..........             (no amulet)
Regen    0.3/turn               (no ring)
MPRegen  0.2/turn               (no ring)

@: slowed, very slow
A: fangs 1, horns 2, yellow scales 2, cold resistance 1, shaggy fur 1
a: Berserk, Trog's Hand, Burn Spellbooks, Renounce Religion


You were on level 7 of the Dungeon.
You worshipped Trog.
Trog was most pleased with you.
You were not hungry.

You visited 1 branch of the dungeon, and saw 8 of its levels.

You collected 423 gold pieces.

Inventory:

Hand Weapons
 g - a +3 broad axe (weapon)
 v - a +4 hand crossbow
Armour
 e - +0 steam dragon scales
 i - a +2 shield (worn)
 n - a +2 pair of gloves (worn)
 p - a +2 leather armour of poison resistance
 q - a +0 pair of boots (worn)
 t - a +0 plate armour (worn)
Scrolls
 b - 2 scrolls of identify
 c - 2 scrolls of remove curse
 l - a scroll of blinking
 r - 4 scrolls of teleportation
Potions
 d - 2 potions of might
 f - a potion of ambrosia
 k - a potion of brilliance
 m - 2 potions of curing
 w - a potion of flight
Comestibles
 h - 6 meat rations
 j - 6 fruits


   Skills:
 - Level 3.0 Fighting
 * Level 12.3 Axes
 - Level 2.6 Armour
 - Level 5.6 Shields


You had 9 spell levels left.
You didn't know any spells.

Dungeon Overview and Level Annotations

Branches:
Dungeon (8/15)             Temple (0/1) D:6
   Lair: D:8-11

Altars:
Fedhas
Hepliaklqana
Okawaru
Trog
Uskayaw
Xom

Shops:
D:4 }


Innate Abilities, Weirdness & Mutations

You have a pair of horns on your head.
You are mostly covered in yellow scales. (AC +3)
You have very sharp teeth.
Your flesh is cold resistant. (rC+)
You are covered in fur. (AC +1)


Message History

* * * LOW HITPOINT WARNING * * *
You climb upwards.
There is a stone staircase leading down here.
Your plate armour prevents you from hitting the death yak.
The death yak is heavily wounded.
The death yak gores you!
* * * LOW HITPOINT WARNING * * *
You block the death yak's attack.
You hit the death yak but do no damage.
The death yak is moderately wounded.
The death yak gores you.
* * * LOW HITPOINT WARNING * * *
The death yak gores you but does no damage.
You slash the death yak!
The death yak is heavily wounded.
The death yak gores you but does no damage.
Your shield and plate armour prevent you from hitting the death yak.
The death yak is heavily wounded.
The death yak gores you!
You die...

..............'.......#..........
.._...........#.......'..........
.............รท#.......#..........
#####.........#....[..#..........
#(..#.........#.....).#..........
#(..#....##...#....<).#.....#####
#####...<##...#...))..########...
.........#....#.......#.....##...
.........'....#Y@.....#..........
###########...#.......#..........
....(.....#...#.......'..........
..........#...#.......#.....##...
..........#...#.......#.....#####
..........#...#.......#.....#....
..........#####.......#.....##...
#####.................#.....##...
....######............#......#...


You could see a death yak.

Vanquished Creatures
  2 two-headed ogres
  Eustachio (D:6)
  2 orc warriors
  A hornet zombie (D:6)
  2 sky beasts
  A black bear (D:7)
  2 phantoms
  2 ogres
  2 centaurs (D:7)
  4 bullfrogs
  2 scorpions
  4 wights (D:6)
  4 killer bees (D:7)
  2 howler monkeys (D:8)
  4 crimson imps
  2 bullfrog zombies
  A hound (D:6)
  3 orc priests
  Jessica (D:3)
  A centaur skeleton (D:7)
  2 iguanas (D:4)
  11 worker ants
  2 worker ant zombies (D:7)
  3 gnolls (D:4)
  A howler monkey skeleton (D:5)
  8 adders
  2 shadow imps
  An ooze (D:1)
  An adder skeleton (D:7)
  2 adder zombies (D:5)
  4 worms
  3 dart slugs
  3 leopard geckos
  21 orcs
  5 bats
  7 giant cockroaches
  7 hobgoblins
  13 jackals
  5 kobolds
  7 quokkas
  2 ball pythons
  A ball python skeleton (D:5)
  6 frilled lizards
  10 goblins
  2 leopard gecko skeletons
  A leopard gecko zombie (D:5)
  A quokka zombie (D:6)
  6 rats
180 creatures vanquished.

Notes
Turn   | Place    | Note
-------+----------+-------------------------------------------
     0 | D:1      | wolfsongas the Demonspawn Fighter began the quest for the Orb.
     0 | D:1      | Reached XP level 1. HP: 18/18 MP: 1/1
    50 | D:1      | Reached skill level 2 in Axes
   167 | D:1      | Gained mutation: You have a pair of small horns on your head. [demonic ancestry]
   167 | D:1      | Reached XP level 2. HP: 24/24 MP: 2/2
   528 | D:1      | Gained mutation: You are partially covered in yellow scales. (AC +2) [demonic ancestry]
   528 | D:1      | Reached XP level 3. HP: 29/29 MP: 3/3
   683 | D:1      | Reached skill level 3 in Axes
  1176 | D:2      | Reached XP level 4. HP: 31/35 MP: 4/4
  1806 | D:2      | Found a shimmering altar of Xom.
  1816 | D:2      | Found a hazy altar of Hepliaklqana.
  1816 | D:2      | Noticed a hell beast
  1817 | D:2      | Noticed a hell beast
  1817 | D:2      | Noticed a spectral ugly thing
  2101 | D:3      | Noticed Jessica
  2105 | D:3      | Killed Jessica
  2105 | D:3      | Gained mutation: You are mostly covered in yellow scales. (AC +3) [demonic ancestry]
  2105 | D:3      | Reached XP level 5. HP: 41/41 MP: 5/5
  2135 | D:3      | Reached skill level 4 in Axes
  2234 | D:3      | Found a blossoming altar of Fedhas.
  2465 | D:4      | Gained mutation: You have a pair of horns on your head. [demonic ancestry]
  2465 | D:4      | Reached XP level 6. HP: 47/47 MP: 6/6
  2714 | D:4      | Reached skill level 5 in Axes
  2732 | D:4      | Found Micwiel's Gadget Boutique.
  2752 | D:4      | Found a bloodstained altar of Trog.
  2756 | D:4      | Became a worshipper of Trog the Wrathful
  3111 | D:5      | Entered Level 5 of the Dungeon
  3250 | D:5      | Reached XP level 7. HP: 47/52 MP: 7/7
  3288 | D:5      | Reached skill level 6 in Axes
  3331 | D:5      | Reached * piety under Trog
  3331 | D:5      | Reached skill level 5 in Shields
  3387 | D:5      | Found a blossoming altar of Fedhas.
  3496 | D:5      | Reached skill level 7 in Axes
  3504 | D:5      | Reached XP level 8. HP: 22/58 MP: 8/8
  3653 | D:5      | Gained mutation: You are robust. (+10% HP) [potion of mutation]
  3653 | D:5      | Gained mutation: You are covered in fur. (AC +1) [potion of mutation]
  3898 | D:5      | Found an iron altar of Okawaru.
  4140 | D:6      | Found a staircase to the Ecumenical Temple.
  4174 | D:6      | Noticed Eustachio
  4180 | D:6      | Reached ** piety under Trog
  4186 | D:6      | Reached skill level 8 in Axes
  4195 | D:6      | Killed Eustachio
  4426 | D:6      | Reached skill level 9 in Axes
  4914 | D:7      | Reached XP level 9. HP: 69/69 MP: 9/9
  5009 | D:7      | Noticed a hand axe
  5010 | D:7      | Found a hide-covered altar of Uskayaw.
  5010 | D:7      | Noticed a dagger
  5215 | D:7      | Reached skill level 10 in Axes
  5473 | D:7      | Reached *** piety under Trog
  5936 | D:7      | Gained mutation: You have very sharp teeth. [mutagenic meat]
  5938 | D:7      | Lost mutation: You are robust. (+10% HP) [mutagenic meat]
  5939 | D:7      | Gained mutation: Your flesh is cold resistant. (rC+) [mutagenic meat]
  6024 | D:8      | Reached skill level 11 in Axes
  6082 | D:8      | Noticed a death yak
  6082 | D:8      | Noticed a death yak
  6085 | D:8      | Noticed a death yak
  6387 | D:7      | Noticed a two-headed ogre
  6397 | D:7      | Killed a two-headed ogre
  6439 | D:8      | Noticed a two-headed ogre
  6445 | D:8      | Killed a two-headed ogre
  6445 | D:8      | Reached skill level 12 in Axes
  6445 | D:8      | Reached XP level 10. HP: 67/70 MP: 10/10
  6459 | D:7      | Mangled by a death yak

Vault maps used:
D:1:      dpeg_arrival_rooms_a, minmay_fountain_box, minmay_tall_x
D:2:      regret_index_temple_of_mockery, first_bread, hex_intersection
D:3:      fedhas_altar_2, uniq_jessica
D:4:      kennysheep_mini, serial_shops, shop_fountains
D:5:      cheibrodos_fzero, marbit_many_paths, kennysheep_little_box
D:6:      minmay_temple_entry_statues_fountains, uniq_eustachio
D:7:      dancing_weapons_uskayaw
D:8:      nicolae_overflow_hidden_temple, dpeg_lair_monsters, grunt_ogre_cave,
          uniq_grum

Skill      XL: |  1  2  3  4  5  6  7  8  9 |
---------------+----------------------------+-----
Axes           | 2 3 4 5 7 9 12 | 12.3
Shields        | 3 4 5 |  5.6
Fighting       | |  3.0
Armour         | |  2.6

Action                   |  1- 3 |  4- 6 |  7- 9 | 10-12 || total
-------------------------+-------+-------+-------+-------++-------
Melee: War axe           |    89 |   176 |    71 |       ||   336
       Headbutt          |     9 |    36 |    67 |     1 ||   113
       Broad axe         |       |       |   255 |    10 ||   265
       Bite              |       |       |     5 |     1 ||     6
Invok: Burn Spellbooks   |       |     1 |       |       ||     1
       Berserk           |       |       |     5 |       ||     5
  Use: Potion            |     3 |     3 |     6 |       ||    12
       Scroll            |     2 |    11 |     7 |       ||    20
  Eat: Chunk             |     1 |     1 |     6 |       ||     8
       Bread ration      |       |     2 |     3 |       ||     5
Armor: Scale mail        |     8 |       |       |       ||     8
       Ring mail         |    40 |    55 |       |       ||    95
       Leather armour    |       |     6 |    20 |       ||    26
       Plate armour      |       |       |   178 |     3 ||   181
Dodge: Dodged            |    24 |    68 |    57 |       ||   149
Block: Shield            |    41 |   104 |   205 |     5 ||   355
